 Dungeon Crawl Stone Soup version 0.28-a0-1152-g9c71ebef14 (webtiles) character file.

Game seed: 7024477526280431864

28 spaghetti the Skirmisher (level 2, -1/25 HPs)
             Began as a Mummy Delver on Dec 14, 2021.
             Slain by an adder (2 damage)
             ... on level 5 of the Dungeon.
             The game lasted 00:00:35 (60 turns).

spaghetti the Skirmisher (Mummy Delver)               Turns: 60, Time: 00:00:36

Health: -1/25      AC:  4    Str: 15    XL:     2   Next: 96%
Magic:  2/2        EV: 11    Int:  9    God:
Gold:   0          SH:  0    Dex: 13    Spells: 1/1 levels left

rFire   x . .      SeeInvis .   a - +0 falchion {long}
rCold   + . .      Faith    .   (no shield)
rNeg    + + +      Spirit   .   b - +1 leather armour
rPois   ∞          Reflect  .   (no helmet)
rElec   .          Harm     .   (no cloak)
rCorr   .          Rampage  .   (no gloves)
Will    .....                   (no boots)
Stlth   ++........              g - amulet of regeneration {@e2}
HPRegen 0.08/turn               (no ring)
MPRegen 0.08/turn               (no ring)

@: no status effects
A: cold resistance 1, negative energy resistance 3, torment resistance 2, heat
vulnerability 1, no potions
a: no special abilities


You were on level 5 of the Dungeon.
You visited 1 branch of the dungeon, and saw 3 of its levels.


Innate Abilities, Weirdness & Mutations

You are immune to poison.
Your flesh is cold resistant. (rC+)
You are immune to negative energy. (rN+++)
You are immune to unholy pain and torment.
You are vulnerable to heat. (rF-)
You do not drink.


   Skills:
 + Level 4.2 Fighting
 - Level 1.5 Long Blades
 - Level 1.5 Dodging
 - Level 4.1 Stealth


You had one spell level left.
You didn't know any spells.
Your spell library was empty.

Inventory:

Hand Weapons
 a - a +0 falchion (weapon) {long}
Armour
 b - a +1 leather armour (worn)
Jewellery
 g - an amulet of regeneration (around neck) {@e2}
   (You found it on level 4 of the Dungeon)
Wands
 f - a wand of digging (3)
Scrolls
 c - a scroll of fog
 d - a scroll of magic mapping {!r}

Dungeon Overview and Level Annotations

Branches:
Dungeon (6/15)
 Temple: D:4-7

Altars:

.)..........#
.............###
.....S........#
Z............####
...##..<........##
...##......>....#
##.......#....###
#.SZ..#..##.###
...#.@.......###
...............!#
................#
..............###
..[......######
......#..#
..........
......<... ..##...


You could see an adder and a bullfrog zombie.


Message History

You hit the adder. The adder misses you.
You hit the adder. The adder bites you. The adder closely misses you. 😮 HP[-3]
You take 3 damage, and now have 18/25 hp.
You are too injured to fight recklessly!
You are too injured to fight recklessly!
You are too injured to fight recklessly!
You are too injured to fight recklessly!
You are too injured to fight recklessly!
You are too injured to fight recklessly!
You are too injured to fight recklessly!
You closely miss the adder. The adder bites you but does no damage.
You closely miss the adder. The adder bites you.
The adder closely misses you. 😮 HP[-2]
You take 2 damage, and now have 16/25 hp.
You barely miss the adder. The adder bites you.
The adder barely misses you. 😮 HP[-2]
You take 2 damage, and now have 14/25 hp.
You hit the adder but do no damage. The adder bites you.
* * * LOW HITPOINT WARNING * * *
😨 HP[-2]
You take 2 damage, and now have 12/25 hp.
You barely miss the adder. The adder closely misses you. x2
Unknown command.
You can't drink.
Unknown command.
Okay, then.
You miss the adder. The adder barely misses you.
You closely miss the adder. The adder bites you.
* * * LOW HITPOINT WARNING * * *
The adder barely misses you. 😨 HP[-1]
You take 1 damage, and now have 11/25 hp.
Unknown command.
Unknown command.
Okay, then.
You start putting on your amulet.
You continue putting on your amulet of regeneration {@e2}.
The adder closely misses you.
You continue putting on your amulet of regeneration {@e2}.
The adder barely misses you. The adder misses you.
You continue putting on your amulet of regeneration {@e2}.
The adder closely misses you.
You continue putting on your amulet of regeneration {@e2}.
The adder closely misses you.
You continue putting on your amulet of regeneration {@e2}.
The adder barely misses you.
You finish putting on your amulet of regeneration {@e2}.
The amulet cannot attune itself to your injured body.
g - an amulet of regeneration (around neck) {@e2} 😨 HP[+1]
The adder bites you.
* * * LOW HITPOINT WARNING * * *
😨 HP[-4]
You take 4 damage, and now have 8/25 hp.
You barely miss the adder. The adder bites you but does no damage.
The adder bites you.
* * * LOW HITPOINT WARNING * * *
😨 HP[-1]
You take 1 damage, and now have 7/25 hp.
Unknown command.
Unknown command.
You barely miss the adder. The adder bites you.
* * * LOW HITPOINT WARNING * * *
😱 HP[-3]
You take 3 damage, and now have 4/25 hp.
Unknown command.
Unknown command.
You can't drink.
As you read the scroll of fear, it crumbles to dust.
You assume a fearsome visage.
The adder looks frightened!
e - a scroll labelled AROUNNAPRO 😱 HP[+1]
There are no items here.
Found a stone staircase leading up.
An adder comes into view.
The adder hisses angrily.
A bullfrog zombie comes into view.
You see here a scroll labelled ROTROZ TYXT.
h - a scroll labelled ROTROZ TYXT
As you read the scroll labelled ROTROZ TYXT, it crumbles to dust.
You hear a loud clanging noise!
It was a scroll of noise.
You hear a shout! x3; You hear an angry hiss. x2
The adder bites you.
* * * LOW HITPOINT WARNING * * *
😱 HP[-2]
You take 2 damage, and now have 3/25 hp.
Unknown command.
Okay, then.
You can't drink.
As you read the scroll labelled AROUNNAPRO, it crumbles to dust.
It is a scroll of enchant armour.
Your +0 leather armour glows green for a moment.
The adder bites you but does no damage.
You barely miss the adder. The bullfrog zombie hits you.
* * * LOW HITPOINT WARNING * * *
The adder closely misses you. The bullfrog zombie barely misses you.
The adder bites you.
You die...

Skill      XL: |  1 |
---------------+----+-----
Fighting       | 4 |  4.2
Long Blades    | |  1.5
Dodging        | |  1.5
Stealth        | |  4.1

Action                   || total
-------------------------++-------
Melee: Falchion          ||    21
  Use: Scroll            ||     3
Armor: Leather armour    ||    10
Dodge: Dodged            ||    22

Levels and vault maps discovered:
D:4:      layout_gridville, cheibriados_altar_1
D:5:      layout_cave_pools, sigmund_army
D:6:      layout_rooms, minmay_temple_entry_statues_fountains

Notes
Turn   | Place    | Note
-------+----------+-------------------------------------------
     0 | D:5      | spaghetti the Mummy Delver began the quest for the Orb.
     0 | D:5      | Reached XP level 1. HP: 18/18 MP: 1/1
     0 | D:5      | magus.rc [v1.9.6]
     1 | D:6      | Noticed a jelly
     4 | D:6      | Killed a jelly
     5 | D:6      | Reached skill level 4 in Fighting
     5 | D:6      | Reached XP level 2. HP: 24/25 MP: 2/2
    44 | D:5      | HP: 4/25 [adder (3)]
    58 | D:5      | HP: 3/25 [adder (2)]
    60 | D:5      | HP: 1/25 [bullfrog zombie (2)]
    60 | D:5      | Slain by an adder

Vanquished Creatures
  A jelly (D:6)
1 creature vanquished.

Table legend:
 A = Non-vault XP
 B = Vault XP
 C = Vault XP percentage of total XP
 D = Non-vault monster count
 E = Vault monster count
 F = Vault count percentage of total count
                 A         B        C        D         E       F
            +---------+---------+-------+---------+---------+-------
      Total |      40 |       0 |   0.0 |       1 |       0 |   0.0
            +---------+---------+-------+---------+---------+-------
        D:6 |      40 |       0 |   0.0 |       1 |       0 |   0.0
            +---------+---------+-------+---------+---------+-------

Illustrated notes

Table legend:
 A = Kills in this place as a percentage of kills in entire the game.
 B = Kills by you in this place as a percentage of kills by you in the entire game.
 C = Kills by friends in this place as a percentage of kills by friends in the entire game.
 D = Other kills in this place as a percentage of other kills in the entire game.
 E = Experience gained in this place as a percentage of experience gained in the entire game.
 F = Experience gained in this place divided by the number of levels of this place that you have seen.
                   A       B       C       D       E      F
               +-------+-------+-------+-------+-------+----------------------
         Total | 100.0 | 100.0 |   N/A |   N/A | 100.0 |  13.3
       Dungeon | 100.0 | 100.0 |   N/A |   N/A | 100.0 |  13.3
               +-------+-------+-------+-------+-------+----------------------

Table legend: (Time is in decaauts)
 A = Elapsed time spent in this place.
 B = Non-inter-level travel time spent in this place.
 C = Inter-level travel time spent in this place.
 D = Time resting spent in this place.
 E = Time spent auto-exploring this place.
 F = Levels seen in this place.
 G = Mean time per level.
                   A        B        C        D        E       F      G
               +--------+--------+--------+--------+--------+-----+--------+
         Total |     65 |     53 |     12 |      0 |      0 |   3 |   21.7 |
       Dungeon |     65 |     53 |     12 |      0 |      0 |   3 |   21.7 |
               +--------+--------+--------+--------+--------+-----+--------+

Top non-repeatable levels by time:
     D:5: 53 daAuts
     D:6: 6 daAuts
     D:4: 4 daAuts
